 Dungeon Crawl Stone Soup version 0.32-a0-931-g5a2cda0 (webtiles) character file.

Game seed: 14429063956068196512

14259 Draconianmaid the Fighter (level 11, -8/93 HPs)
             Began as a Mummy Gladiator on Apr 13, 2024.
             Was an Elder of Sif Muna.
             Mangled by a four-headed hydra (9 damage)
             ... on level 2 of the Lair of Beasts.
             The game lasted 00:39:34 (12238 turns).

Draconianmaid the Fighter (Mummy Gladiator)        Turns: 12238, Time: 00:39:34

Health: -8/93      AC: 18    Str: 21    XL:     11   Next: 86%
Magic:  11/11      EV:  5    Int:  8    God:    Sif Muna [****..]
Gold:   570        SH:  5    Dex: 14    Spells: 10/10 levels left

rFire   x .          .
                       - Unarmed
rCold   + . .        m - +0 buckler
rNeg    + + +        l - +0 plate armour
rPois   ∞            b - +0 helmet
rElec   .            s - +0 cloak
rCorr   +            (no gloves)
SInv    .            q - +0 pair of boots
Will    +....        i - amulet of regeneration Stlth
                     y - +4 ring of protection
HPRegen 1.15/turn    v - ring of resist corrosion
MPRegen 0.12/turn

%: faith
@: no status effects
A: cold resistance 1, negative energy resistance 3, torment resistance 2, heat
vulnerability 1, in touch with death 1, no potions, faith
a: Renounce Religion, Channel Magic, Forget Spell, Divine Exegesis


You were on level 2 of the Lair of Beasts.
You worshipped Sif Muna.
Sif Muna was greatly pleased with you.
You visited 3 branches of the dungeon, and saw 14 of its levels.

You collected 676 gold pieces.
You spent 106 gold pieces at shops.

Inventory:

Hand Weapons
 k - a +1 mace of venom
Missiles
 d - a javelin
 h - 76 stones
 o - 34 poisoned darts
 r - 2 boomerangs (quivered)
 D - a throwing net
Armour
 b - a +0 helmet (worn)
 l - a +0 plate armour (worn)
 m - a +0 buckler (worn)
 q - a +0 pair of boots (worn)
 s - a +0 cloak (worn)
Magical Staves
 z - a staff of air
Jewellery
 i - an amulet of regeneration (around neck)
 n - an amulet of guardian spirit
 p - a +5 ring of evasion
 v - a ring of resist corrosion (right hand)
 y - a +4 ring of protection (left hand)
 C - a +4 ring of protection
Wands
 g - a wand of flame (21)
 u - a wand of charming (14)
 B - a wand of polymorph (4)
Scrolls
 a - 3 scrolls of enchant armour
 c - a scroll of noise
 e - 3 scrolls of identify
 f - 2 scrolls of revelation
 j - a scroll of enchant weapon
 t - 3 scrolls of fog
 w - 3 scrolls of amnesia
 x - a scroll of vulnerability
 A - a scroll of teleportation


   Skills:
 * Level 11.5 Fighting
 - Level 6.0 Throwing
 - Level 2.0 Armour
 - Level 2.4 Dodging
 - Level 4.0 Shields
 + Level 11.0 Unarmed Combat
 - Level 2.0 Evocations


You had 10 spell levels left.
You didn't know any spells.
Your spell library contained the following spells:

 Spells                   Type           Power      Damage    Failure   Level
 Iskenderun's Battlesphe  Conj           0%         2d6       100%        5
 Bombard                  Conj/Erth      0%         9d1       100%        6
 Spellforged Servitor     Conj/Summ      0%         N/A       100%        7


Dungeon Overview and Level Annotations

Branches:
Dungeon (11/15)            Temple (1/1) D:7            Lair (2/5) D:8
    Orc (0/2) D:10
  Swamp: Lair:2-3    Shoals: Lair:2-3     Snake: Lair:2-3    Spider: Lair:2-3

Altars:
Ashenzari
Cheibriados
Dithmenos
Fedhas
Gozag
Hepliaklqana
Kikubaaqudgha
Makhleb
Nemelex Xobeh
Okawaru
Qazlal
Ru
Sif Muna
Trog
Uskayaw
Vehumet
Wu Jian
Xom
Yredelemnul

Shops:
D:4 *   D:10 *

Annotations:
D:11 2 transporters, sekai's ghost, novice DrBe
Lair:1 3 exclusions


Innate Abilities, Weirdness & Mutations

You are immune to poison.
Your flesh is cold resistant. (rC+)
You are immune to negative energy. (rN+++)
You are immune to unholy pain and torment.
You are vulnerable to heat. (rF-)
You are in touch with the powers of death.
You do not drink.
You have a special connection with the divine. (Faith)


Message History

The seven-headed hydra closely misses you.
The seven-headed hydra barely misses you.
Unknown command.
Okay, then.
You barely miss the seven-headed hydra.
The seven-headed hydra is almost dead.
The seven-headed hydra bites you.
* * * LOW HITPOINT WARNING * * *
The seven-headed hydra bites you but does no damage.
The seven-headed hydra bites you!
* * * LOW HITPOINT WARNING * * *
The seven-headed hydra completely misses you.
The seven-headed hydra bites you.
* * * LOW HITPOINT WARNING * * *
The seven-headed hydra bites you but does no damage.
The seven-headed hydra closely misses you.
Unknown command.
Unknown command.
Unknown command.
You punch the seven-headed hydra!
You kill the seven-headed hydra!
Sif Muna accepts your kill.
Your Unarmed Combat skill increases to level 11!
Unknown command.
Unknown command.
Unknown command.
Unknown command.
Unknown command.
Unknown command.
Okay, then.
Okay, then.
Aiming: Charm
Press: ? - help, Shift-Dir - straight line, f - four-headed hydra
Aim: a four-headed hydra (chance to affect: 21%)
The four-headed hydra resists with almost no effort.
The four-headed hydra bites you.
* * * LOW HITPOINT WARNING * * *
You block the four-headed hydra's attack.
The four-headed hydra bites you!
You die...

..P ### ##..# ..##...
.....# ....# ##...#
....## ##....##P#
##...P###P..<....#.
##.....##...@........
#..........FD.P#.#.#.
##.....##....#.## #
#.....##..+#.###
#....##.#.⌠.#
#..<†P##....###
#.....#.......#.
#...##..)......#
#..##...........#


You could see a four-headed hydra and a cane toad.

Vanquished Creatures
  A hydra (Lair:2)
  A catoblepas (Lair:1)
  A two-headed ogre (D:9)
  An arcanist (D:11)
  2 cyclopes
  Joseph (D:8)
  4 cane toads (Lair:1)
  2 komodo dragons (Lair:1)
  Jeremiah (D:6)
  An unseen horror (D:10)
  A troll (D:9)
  2 polar bears (Lair:1)
  Prince Ribbit (D:9)
  A shadow (D:11)
  3 yaks (Lair:1)
  A small abomination (D:10)
  4 wyverns
  2 steam dragons
  An acid dragon (D:11)
  7 water moccasins
  A swamp drake (D:10)
  7 orc warriors
  An ice beast (D:7)
  A black bear (D:4)
  3 ogres
  7 centaurs
  2 kobold brigands
  A brain worm (D:4)
  7 bullfrogs
  2 gnoll sergeants
  4 scorpions
  8 wights
  13 killer bees
  3 howler monkeys (D:11)
  An electric eel (Lair:1)
  2 lava snakes (Lair:1)
  Crazy Yiuf (D:6)
  9 orc priests
  7 hounds
  2 iguanas
  A sleepcap (D:5)
  10 orc wizards
  9 gnolls
  9 adders
  A white imp (D:5)
  6 ufetubi
  A dart slug (D:1)
  2 ribbon worms
  37 orcs
  5 endoplasms
  5 giant cockroaches
  9 goblins
  8 hobgoblins
  A jackal (D:8)
  15 kobolds
  3 quokkas
  4 ball pythons
  A bat (D:2)
  2 frilled lizards (D:3)
  6 rats
255 creatures vanquished.

Vanquished Creatures (collateral kills)
  A kobold demonologist (D:11)
  Maggie (Lair:1)
  A kobold brigand (D:11)
  4 kobolds (D:11)
7 creatures vanquished.

Grand Total: 262 creatures vanquished

Notes
Turn   | Place    | Note
-------+----------+-------------------------------------------
     0 | D:1      | Draconianmaid the Mummy Gladiator began the quest for the
                  | Orb.
     0 | D:1      | Reached XP level 1. HP: 16/16 MP: 1/1
   189 | D:1      | Reached XP level 2. HP: 23/23 MP: 2/2
   569 | D:2      | Reached XP level 3. HP: 26/28 MP: 3/3
   578 | D:2      | Found a snail-covered altar of Cheibriados.
  1421 | D:3      | Reached XP level 4. HP: 34/35 MP: 4/4
  1996 | D:3      | Reached XP level 5. HP: 32/42 MP: 5/5
  2762 | D:4      | Found Sankiz's General Store.
  2775 | D:4      | Bought a +0 buckler for 58 gold pieces
  2805 | D:4      | Found a shimmering altar of Xom.
  2820 | D:4      | Reached XP level 6. HP: 14/48 MP: 0/6
  2996 | D:4      | Reached skill level 5 in Unarmed Combat
  3286 | D:4      | Reached skill level 1 in Shields
  3526 | D:5      | Entered Level 5 of the Dungeon
  3532 | D:5      | Reached XP level 7. HP: 43/54 MP: 7/7
  4483 | D:6      | Reached skill level 1 in Evocations
  4483 | D:6      | Reached XP level 8. HP: 60/60 MP: 8/8
  4517 | D:6      | Noticed Jeremiah
  4536 | D:6      | Killed Jeremiah
  5011 | D:6      | Found a runed translucent door.
  5012 | D:6      | Noticed Crazy Yiuf
  5021 | D:6      | Killed Crazy Yiuf
  5357 | D:7      | Reached skill level 5 in Fighting
  5458 | D:7      | Reached XP level 9. HP: 68/69 MP: 9/9
  5492 | D:7      | Found a staircase to the Ecumenical Temple.
  5510 | Temple   | Entered the Ecumenical Temple
  5525 | Temple   | Became a worshipper of Sif Muna the Loreminder
  6093 | D:8      | Found a sacrificial altar of Ru.
  6099 | D:8      | Reached * piety under Sif Muna
  6196 | D:8      | Found a staircase to the Lair.
  6312 | D:8      | Noticed a +0 hand axe
  6322 | D:8      | Noticed a +0 hand axe
  6328 | D:8      | Found a hide-covered altar of Uskayaw.
  6548 | D:8      | Noticed Joseph
  6558 | D:8      | Killed Joseph
  6560 | D:8      | Found a bloodstained altar of Trog.
  6872 | D:9      | Noticed a troll
  6885 | D:9      | Killed a troll
  7063 | D:9      | Noticed a two-headed ogre
  7077 | D:9      | Killed a two-headed ogre
  7078 | D:9      | Reached XP level 10. HP: 70/83 MP: 10/10
  7260 | D:9      | Noticed a cyclops
  7323 | D:9      | Killed a cyclops
  7338 | D:9      | Reached ** piety under Sif Muna
  7348 | D:9      | Noticed Prince Ribbit
  7452 | D:9      | Killed Prince Ribbit
  7472 | D:9      | Reached skill level 10 in Fighting
  8174 | D:10     | Entered Level 10 of the Dungeon
  8723 | D:10     | Found Irub's General Store.
  8745 | D:10     | Bought a scroll of teleportation for 48 gold pieces
  8766 | D:10     | Found a burning altar of Makhleb.
  8768 | D:10     | Noticed an Executioner
  8830 | D:10     | Noticed a cyclops
  8901 | D:10     | Killed a cyclops
  9193 | D:10     | Reached *** piety under Sif Muna
  9328 | D:10     | Found a staircase to the Orcish Mines.
  9419 | D:10     | Found a sparkling altar of Nemelex Xobeh.
  9562 | D:10     | Reached skill level 10 in Unarmed Combat
  9732 | D:11     | Noticed an arcanist
  9748 | D:11     | Killed an arcanist
  9749 | D:11     | Reached XP level 11. HP: 62/90 MP: 11/11
  9800 | D:11     | Noticed sekai's ghost (novice DrBe)
  9801 | D:11     | Found a transporter.
  9801 | D:11     | Noticed a tengu reaver
  9808 | D:11     | Noticed a two-headed ogre
  9845 | D:11     | Found a transporter.
 10389 | D:11     | Reached skill level 5 in Throwing
 10513 | D:11     | Noticed a large abomination
 10513 | D:11     | Noticed a large abomination
 10513 | D:11     | Noticed a large abomination
 10513 | D:11     | Noticed a large abomination
 10740 | Lair:1   | Entered Level 1 of the Lair of Beasts
 11367 | Lair:1   | Noticed Maggie
 11380 | Lair:1   | Killed Maggie
 11504 | Lair:1   | Found a radiant altar of Vehumet.
 11705 | Lair:1   | Noticed a catoblepas
 11721 | Lair:1   | Killed a catoblepas
 11721 | Lair:1   | Reached **** piety under Sif Muna
 12182 | Lair:2   | Noticed a four-headed hydra
 12225 | Lair:2   | Noticed a seven-headed hydra
 12236 | Lair:2   | HP: 4/93 [seven-headed hydra (2)]
 12237 | Lair:2   | Killed a seven-headed hydra
 12238 | Lair:2   | HP: 1/93 [four-headed hydra (6)]
 12238 | Lair:2   | Mangled by a four-headed hydra

Illustrated notes

Levels and vault maps discovered:
D:1:      psy_arrival_terrarium, layout_basic
D:2:      layout_loops_ring, basic_altar, grunt_ministairs_10, minivault_26,
          chequers_serial_rivers_large_b
D:3:      layout_loops_corners, kennysheep_generic_room_11
D:4:      layout_basic, xom_butterflies, serial_shops,
          nicolae_shop_just_a_little_nook, chequers_serial_rivers_small_3,
          minivault_1
D:5:      layout_basic
D:6:      layout_rooms, uniq_jeremiah, uniq_crazy_yiuf_cottage
D:7:      layout_basic, minmay_temple_entry_mini_moons
D:8:      layout_basic, nicolae_ru_great_annihilating_truth,
          kennysheep_mini_moat, dancing_weapons_uskayaw, lair_entry_dummy,
          hangedman_abyss_or_decor_lesser_grid, uniq_joseph
D:9:      layout_stronghold, old_standard_altar, enter_bailey_6,
          uniq_prince_ribbit1
D:10:     layout_long_grid, nemelex_diamond_rough_becter,
          makhleb_altar_promises_db, erik_orc_1, serial_shops, shop
D:11:     layout_stronghold, gammafunk_ghost_arena, laboratory
Temple:   hellmonk_temple_two_chambers
Lair:1:   layout_roguey, basic_altar, nicolae_lair_liquid_snakes, uniq_maggie
Lair:2:   layout_layer_cave, minmay_swamp_entry_swarm,
          hellmonk_spider_entry_not_the_bees, grunt_forest_large_clearing_hut,
          grunt_megastairs_5, lemuel_fruit_tree

Skill      XL: |  1  2  3  4  5  6  7  8  9 10 11 |
---------------+----------------------------------+-----
Unarmed Combat | 3 4 5 6 7 8 10 11 | 11.0
Fighting       | 3 4 5 9 10 11 | 11.5
Throwing       | 2 4 6 |  6.0
Shields        | 2 4 |  4.0
Evocations     | 1 2 |  2.0
Armour         | 2 |  2.0
Dodging        | |  2.4

Action                     |  1- 3 |  4- 6 |  7- 9 | 10-12 || total
---------------------------+-------+-------+-------+-------++-------
  Melee: Unarmed           |   103 |    57 |    26 |   425 ||   611
         Punch             |     3 |     1 |       |       ||     4
         Mace              |       |   109 |   290 |   137 ||   536
  Throw: Throwing net      |       |     2 |     4 |     2 ||     8
         Dart              |       |       |    20 |    25 ||    45
         Boomerang         |       |       |       |     9 ||     9
  Evoke: Wand              |       |       |     9 |     8 ||    17
    Use: Scroll            |       |     3 |     4 |     9 ||    16
   Stab: Sleeping          |     2 |     1 |       |       ||     3
         Held in net/web   |       |       |     2 |       ||     2
         Fleeing           |       |       |       |     1 ||     1
         Betrayed ally     |       |       |       |     1 ||     1
 Armour: Leather armour    |    57 |    38 |       |       ||    95
         Ring mail         |       |    87 |    25 |       ||   112
         Scale mail        |       |       |   121 |       ||   121
         Chain mail        |       |       |   154 |   154 ||   308
         Plate armour      |       |       |       |   373 ||   373
  Dodge: Dodged            |    47 |    98 |   244 |   323 ||   712
  Block: Buckler           |       |     7 |   106 |   151 ||   264

Table legend: (Time is in decaauts)
 A = Elapsed time spent in this place.
 B = Non-inter-level travel time spent in this place.
 C = Inter-level travel time spent in this place.
 D = Time resting spent in this place.
 E = Time spent auto-exploring this place.
 F = Levels seen in this place.
 G = Mean time per level.
                   A        B        C        D        E       F      G
               +--------+--------+--------+--------+--------+-----+--------+
         Total |  12419 |  11763 |    656 |   1343 |   7013 |  14 |  887.1 |
       Dungeon |  10866 |  10258 |    608 |    993 |   6351 |  11 |  987.8 |
        Temple |     87 |     87 |      0 |     27 |      0 |   1 |   87.0 |
          Lair |   1465 |   1417 |     48 |    323 |    662 |   2 |  732.5 |
               +--------+--------+--------+--------+--------+-----+--------+

Top non-repeatable levels by time:
    D:10: 1660 daAuts
  Lair:1: 1388 daAuts
     D:9: 1386 daAuts
     D:2: 1149 daAuts
     D:3: 1116 daAuts
     D:7: 926 daAuts
     D:4: 901 daAuts
     D:8: 897 daAuts
     D:5: 830 daAuts
    D:11: 795 daAuts
     D:6: 773 daAuts
     D:1: 428 daAuts
  Temple: 87 daAuts
  Lair:2: 77 daAuts
